 Dungeon Crawl Stone Soup version 0.31-a0-744-gbc345e7fcb (webtiles) character file.

Game seed: 12536341326862831254

86059 quakins the Warrior (level 15, -2/154 HPs)
             Began as an Armataur Warper on Dec 7, 2022.
             Was the Champion of the Shining One.
             Killed from afar by an orc sorcerer (30 damage)
             ... with a bolt of fire
             ... on level 2 of the Orcish Mines on Sept 13, 2023.
             The game lasted 01:26:26 (37115 turns).

quakins the Warrior (Armataur Warper)              Turns: 37115, Time: 01:26:26

Health: -2/154     AC: 23    Str: 28    XL:     15   Next: 39%
Magic:  30/39      EV:  6    Int: 14    God:    the Shining One [******]
Gold:   924        SH: 13    Dex: 10    Spells: 11/17 levels left

rFire   . . .        t - +8 trident of Lust {spect, MP+9 Str+5}
rCold   + . .        o - +0 kite shield
rNeg    + + +        V - +1 chain mail {rPois}
rPois   +            F - +0 helmet of Past Mistakes {MP+9}
rElec   .            X - +2 cloak {rPois}
rCorr   .            J - +0 pair of gloves
SInv    .            (no barding)
Will    +....        i - amulet of reflection Stlth
                     u - +4 ring of protection
HPRegen 0.45/turn    r - ring of protection from cold
MPRegen 0.26/turn

%: reflection, roll
@: glowing
A: large, rugged brown scales 3, deformed body, armoured tail, roll, long
tongue, awkward tongue
a: Renounce Religion, Divine Shield, Cleansing Flame, Summon Divine Warrior,
Brand Weapon With Holy Wrath


You were on level 2 of the Orcish Mines.
You worshipped the Shining One.
The Shining One was exalted by your worship.
You visited 4 branches of the dungeon, and saw 23 of its levels.
You also visited: Sewer and Gauntlet.

You collected 1942 gold pieces.
You spent 1018 gold pieces at shops.

Inventory:

Hand Weapons
 t - the +8 trident of Lust (weapon) {spect, MP+9 Str+5}
   (You found it on level 5 of the Lair of Beasts)

   Str+5:     It affects your strength (+5).
   MP+9:      It affects your magic capacity (+9).
Missiles
 d - 3 boomerangs of dispersal (quivered)
 m - 5 silver boomerangs
 n - 3 throwing nets
Armour
 o - a +0 kite shield (worn)
 F - the +0 helmet of Past Mistakes (worn) {MP+9}
   (You found it in a Gauntlet)

   MP+9:      It affects your magic capacity (+9).
 J - a +0 pair of gloves (worn)
 S - a +0 tower shield
 V - a +1 chain mail of poison resistance (worn)
 X - a +2 cloak of poison resistance (worn)
Jewellery
 i - an amulet of reflection (around neck)
 r - a ring of protection from cold (right hand)
 u - a +4 ring of protection (left hand)
 L - a ring of flight
 P - the ring "Ighaseci" {rN++ MP+9 Int+4}
   (You found it on level 12 of the Dungeon)

   [ring of magical power]

   Int+4:     It affects your intelligence (+4).
   rN++:      It greatly protects you from negative energy.
   MP+9:      It affects your magic capacity (+9).
Wands
 w - a wand of paralysis (6)
 I - a wand of flame (12)
 K - a wand of acid (19)
 M - a wand of digging (13)
 T - a wand of iceblast (21)
Scrolls
 b - a scroll of identify
 c - 9 scrolls of blinking
 f - 6 scrolls of poison
 g - 3 scrolls of silence
 j - 7 scrolls of enchant weapon
 k - a scroll of summoning
 v - 4 scrolls of immolation
 x - a scroll of brand weapon
 A - 5 scrolls of butterflies
 D - 5 scrolls of enchant armour
 E - 3 scrolls of amnesia
 G - 4 scrolls of revelation
 H - 15 scrolls of teleportation
 O - a scroll of fog
 Y - a scroll of fear
Potions
 a - a potion of cancellation
 e - a potion of curing
 h - 4 potions of brilliance
 p - 2 potions of enlightenment
 q - 8 potions of lignification
 s - 5 potions of mutation
 z - 4 potions of ambrosia {unknown}
 B - 3 potions of invisibility
 C - 3 potions of might
 N - 4 potions of attraction
 Q - 6 potions of resistance
 R - a potion of haste
 U - 3 potions of degeneration {unknown}
 W - a potion of magic {unknown}
 Z - 2 potions of berserk rage {unknown}
Miscellaneous
 y - a phantom mirror


   Skills:
 - Level 16.0 Fighting
 - Level 14.0 Maces & Flails
 - Level 0.8 Throwing
 - Level 14.0 Armour
 - Level 1.3 Dodging
 + Level 2.9 Shields
 - Level 1.7 Spellcasting
 - Level 12.0 Translocations
 - Level 8.0 Invocations


You had 11 spell levels left.
You knew the following spells:

 Your Spells              Type           Power      Damage    Failure   Level
a - Blink                 Tloc           68%        N/A       1%          2
b - Manifold Assault      Tloc           34%        N/A       11%         4

Your spell library contained the following spells:

 Spells                   Type           Power      Damage    Failure   Level
 Lesser Beckoning         Tloc           68%        N/A       1%          2
 Gell's Gravitas          Tloc           34%        N/A       3%          3
 Teleport Other           Tloc           34%        N/A       3%          3
 Momentum Strike          Conj/Tloc      36%        3d9       19%         2
 Dimensional Bullseye     Hex/Tloc       9%         N/A       77%         4
 Vhi's Electric Charge    Tloc/Air       36%        N/A       77%         4
 Magic Dart               Conj           4%         1d3       83%         1
 Dispersal                Tloc           17%        N/A       86%         6
 Call Imp                 Summ           2%         N/A       92%         2
 Cigotuvi's Dreadful Rot  Necr/Pois/Air  2%         N/A       92%         2
 Ensorcelled Hibernation  Hex/Ice        2%         N/A       92%         2
 Passwall                 Tmut/Erth      0%         N/A       92%         2
 Scorch                   Fire           2%         2d5       92%         2
 Static Discharge         Conj/Air       2%         2-3/arc   92%         2
 Call Canine Familiar     Summ           1%         N/A       99%         3
 Hailstorm                Conj/Ice       1%         3d3       99%         3
 Ignite Poison            Fire/Tmut/Pois 1%         N/A       99%         3
 Inner Flame              Hex/Fire       1%         N/A       99%         3
 Mephitic Cloud           Conj/Pois/Air  1%         N/A       99%         3
 Sigil of Binding         Hex            1%         N/A       99%         3
 Stone Arrow              Conj/Erth      2%         3d7       99%         3
 Swiftness                Air            1%         N/A       99%         3
 Airstrike                Air            0%         2d(1-17)  100%        4
 Animate Armour           Summ/Erth      2%         N/A       100%        4
 Flame Wave               Conj/Fire      1%         2d4       100%        4
 Leda's Liquefaction      Hex/Erth       0%         N/A       100%        4
 Summon Lightning Spire   Summ/Air       1%         N/A       100%        4
 Freezing Cloud           Conj/Ice/Air   0%         6-21      100%        5
 Yara's Violent Unravell  Hex/Tmut       0%         3d3       100%        5
 Simulacrum               Ice/Necr       0%         N/A       100%        6
 Summon Cactus Giant      Summ           0%         N/A       100%        6
 Enfeeble                 Hex            0%         N/A       100%        7
 Lehudib's Crystal Spear  Conj/Erth      0%         10d2      100%        8
 Chain Lightning          Conj/Air       0%         2d1       100%        9
 Fire Storm               Conj/Fire      0%         6d1       100%        9
 Shatter                  Erth           0%         3d5*      100%        9


Dungeon Overview and Level Annotations

Branches:
Dungeon (15/15)            Temple (1/1) D:4            Lair (5/5) D:11
  Swamp (0/4) Lair:3        Snake (0/4) Lair:2        Slime (0/5) Lair:4
    Orc (2/2) D:11         Vaults (0/5) D:14         Depths (0/4) D:15
  Sewer (visited)         Gauntlet (visited)
    Elf: Orc:2

Altars:
Ashenzari
Cheibriados
Dithmenos
Elyvilon
Fedhas
Gozag
Hepliaklqana
Kikubaaqudgha
Makhleb
Nemelex Xobeh
Okawaru
Ru
Sif Muna
Trog
Uskayaw
Vehumet
Wu Jian
Xom
Yredelemnul
Zin
The Shining One
Jiyva

Shops:
D:6 ****(   D:13 [   Orc:1 ??*

Annotations:
D:10 Snorg
Temple 4 transporters
Lair:1 1 runed translucent door, Vonnarr's ghost, journeyman OpAE


Innate Abilities, Weirdness & Mutations

You are completely covered in rugged brown scales. (AC +3, +7% HP)
Armour fits poorly on your strangely shaped body.
You have a long armoured tail.
You roll when moving toward enemies. (Rampage)
Your long tongue fully drains potion bottles. (2x potion effects)
Your tongue gives you trouble enunciating. (1.5x scroll delay)


Message History

* * * LOW HITPOINT WARNING * * *
The orc throws a boomerang.
You block the boomerang with an invisible shield... and reflect it back!
The boomerang hits the orc.
The orc priest mumbles some strange prayers to Beogh against you.
Beogh smites you!
* * * LOW HITPOINT WARNING * * *
An orc warrior comes into view. It is wielding a +2 glaive of pain.
An orc sorcerer comes into view.
It is wielding a +0 dagger and wearing a +2 robe of willpower.
The warg barely misses you.
An orc comes into view. It is wielding a +0 short sword.
You block the orc warrior's attack.
The orc wizard hits you but does no damage.
The orc warrior moves out of view.
You feel much better.
You slurp down every last drop of the potion of heal wounds!
The orc sorcerer shouts!
The orc warrior no longer looks unusually strong.
The warg bites you but does no damage. You block the warg's attack.
The orc warrior hits you but does no damage.
You block the orc wizard's attack. The warg attacks as it pursues you!
You block the warg's attack.
The orc wizard hits you but does no damage.
Things that are here:
a +0 war axe; a +0 plate armour The orc priest looks braver for a moment.
The orc wizard attacks as it pursues you!
The orc wizard hits you but does no damage.
The orc wizard no longer looks unusually strong.
The warg bites you!
* * * LOW HITPOINT WARNING * * *
The orc priest looks braver for a moment.
Found 16 gold pieces.
The orc throws a boomerang.
The boomerang hits you.
* * * LOW HITPOINT WARNING * * *
The orc sorcerer casts a spell at you.
The bolt of fire hits the orc!!
The orc dies!
The bolt of fire hits you!!
You die...

#.#...)o......
#..o)o## ....
##...o)# ....
####..## .....
#..o###.....
##o)#.#......
#............
###...h.....$.
######.#..#@.......
##..#...............
#..........#........
#.....#............
#........##....##..
##..#........<.. .
#...................
##..................
##.##.#............


You could see a warg, an orc sorcerer, 2 orc warriors, an orc wizard (invisible)
and an orc.

Vanquished Creatures
  Frances (D:14)
  The ghost of cforsyth the Severer, a journeyman HOFi of Beogh (D:11)
  A minotaur (Gauntlet)
  The ghost of experimilk the Thaumaturge, a journeyman DrCj of Vehumet (D:12)
  The ghost of Efuan the Cleaver, a journeyman MiFi of Okawaru (D:12)
  A fire dragon (D:15)
  A ghost crab (Lair:3)
  2 hydras
  A merfolk avatar (Lair:5)
  7 centaur warriors
  3 vault guards (D:14)
  A death knight (D:7)
  2 ogre magi
  2 catoblepae
  9 two-headed ogres
  3 boulder beetles
  Urug (D:11)
  2 spectral death yaks (Lair:3)
  A spectral hydra (Lair:3)
  A wizard (D:15)
  6 orc knights
  2 deep elf pyromancers
  2 orc sorcerers
  11 ugly things
  3 manticores
  An elephant (shapeshifter) (D:15)
  3 cyclopes
  7 elephants
  2 black mambas
  A torpor snail (Lair:1)
  A cane toad (shapeshifter) (D:12)
  4 gargoyles
  A komodo dragon (shapeshifter) (D:12)
  An unseen horror (shapeshifter) (D:13)
  10 komodo dragons
  3 unseen horrors
  9 rime drakes
  6 cane toads
  2 yaktaurs
  2 kobold demonologists (D:13)
  A tengu conjurer (D:13)
  A spectral skyshark (Lair:3)
  4 polar bears
  An ice devil (Gauntlet)
  3 trolls
  Grinder (D:5)
  13 slime creatures
  3 hornets
  26 blink frogs
  A blink frog (shapeshifter) (D:15)
  4 dream sheep (Lair:1)
  A spectral dream sheep (Lair:3)
  5 shadows
  A vampire (D:10)
  50 yaks
  5 basilisks
  2 wraiths
  5 wyverns
  A human (D:14)
  4 steam dragons
  Eustachio (D:5)
  7 vampire mosquitoes
  3 wargs
  A naga (Lair:2)
  An acid dragon (D:10)
  15 water moccasins
  4 sky beasts (D:7)
  A swamp drake (Lair:1)
  14 orc warriors
  4 ice beasts
  4 black bears
  14 ogres
  17 wolves
  14 centaurs
  Blork the orc (D:5)
  5 kobold brigands
  8 bullfrogs
  4 necrophages
  6 scorpions
  3 gnoll sergeants
  13 wights
  8 killer bees
  An electric eel (Lair:3)
  6 howler monkeys
  3 jellies
  2 gnoll boudas (D:5)
  13 orc priests
  8 hounds
  8 iguanas
  25 orc wizards
  20 gnolls
  9 adders
  5 river rats (Sewer)
  A shadow imp (D:7)
  5 white imps
  A howler monkey simulacrum (D:10)
  2 ufetubi
  3 worms
  74 orcs
  3 endoplasms
  6 giant cockroaches
  2 goblins
  4 hobgoblins
  8 jackals
  4 quokkas
  8 ball pythons
  8 bats
  9 frilled lizards
  12 kobolds
  13 rats
662 creatures vanquished.

Vanquished Creatures (others)
  An orc (Orc:2)
  14 spectral weapons
15 creatures vanquished.

Grand Total: 677 creatures vanquished

Notes
Turn   | Place    | Note
-------+----------+-------------------------------------------
     0 | D:1      | quakins the Armataur Warper began the quest for the Orb.
     0 | D:1      | Reached XP level 1. HP: 18/18 MP: 3/3
   193 | D:1      | Reached XP level 2. HP: 25/25 MP: 4/4
  1174 | D:2      | Found a sacrificial altar of Ru.
  1311 | D:2      | Reached XP level 3. HP: 31/31 MP: 5/5
  1826 | D:3      | Found a glowing drain.
  1830 | Sewer    | Entered a sewer
  1879 | Sewer    | Reached XP level 4. HP: 27/38 MP: 6/6
  2229 | Sewer    | Reached XP level 5. HP: 43/43 MP: 7/7
  2541 | D:4      | Found a staircase to the Ecumenical Temple.
  2550 | Temple   | Entered the Ecumenical Temple
  2550 | Temple   | Found a transporter.
  2550 | Temple   | Found a transporter.
  2552 | Temple   | Found a transporter.
  2552 | Temple   | Found a transporter.
  2569 | Temple   | Became a worshipper of the Shining One
  2646 | D:4      | Reached skill level 5 in Maces & Flails
  2871 | D:4      | Identified the +3 robe "Oheocsut" {+Inv}
  3131 | D:4      | Identified the +5 rapier "Muvonoc" {flame, rElec rF+}
  3240 | D:4      | Reached XP level 6. HP: 50/51 MP: 8/8
  3858 | D:3      | Found a faded altar of an unknown god.
  4421 | D:5      | Entered Level 5 of the Dungeon
  4519 | D:5      | Identified the +0 buckler of Defatoic {rF+ Will+ Str-4
                  | Stlth+}
  4544 | D:5      | Reached XP level 7. HP: 21/56 MP: 9/9
  4826 | D:5      | Noticed Blork the orc
  4831 | D:5      | Killed Blork the orc
  4885 | D:5      | Identified the +7 short sword of Reuzunu Vyiz {holy, rCorr
                  | Stlth+}
  4885 | D:5      | Noticed Grinder
  4903 | D:5      | Paralysed by Grinder for 2 turns
  4908 | D:5      | Killed Grinder
  5035 | D:5      | Noticed Eustachio
  5049 | D:5      | Reached XP level 8. HP: 56/64 MP: 10/10
  5059 | D:5      | Killed Eustachio
  5374 | D:5      | Reached * piety under the Shining One
  5378 | D:5      | Reached skill level 10 in Maces & Flails
  5382 | D:5      | Reached skill level 2 in Fighting
  5617 | D:5      | Identified the +9 long sword "Cawkuize" {venom, Str+7}
  5823 | D:6      | Reached skill level 3 in Fighting
  5899 | D:6      | Found Arekecu's Antique Weapon Boutique.
  5988 | D:5      | Found a white marble altar of Elyvilon.
  6003 | D:5      | Reached skill level 4 in Fighting
  6112 | D:6      | Reached XP level 9. HP: 52/78 MP: 11/11
  6117 | D:6      | Reached skill level 5 in Fighting
  6180 | D:6      | Found Fimi's Assorted Antiques.
  6222 | D:6      | Reached skill level 6 in Fighting
  6331 | D:6      | Bought a scroll of blinking for 247 gold pieces
  6480 | D:6      | Reached ** piety under the Shining One
  6507 | D:6      | Reached skill level 7 in Fighting
  6766 | D:6      | Found Daiboton's General Store.
  6773 | D:6      | Bought a scroll of teleportation for 36 gold pieces
  6810 | D:6      | Found Ivapripsem's General Store.
  6818 | D:6      | Bought a scroll of identify for 24 gold pieces
  7054 | D:6      | You fall into a shaft and drop 2 floors!
  7472 | D:8      | Noticed a two-headed ogre
  7588 | D:7      | Reached skill level 8 in Fighting
  7634 | D:6      | Found Mourist's General Store.
  7838 | D:6      | Reached XP level 10. HP: 58/94 MP: 12/12
  8308 | D:7      | Noticed a death knight
  8312 | D:7      | Noticed a red ugly thing
  8626 | D:8      | Reached *** piety under the Shining One
  8856 | D:8      | Learned a level 2 spell: Blink
  9228 | D:8      | Killed a two-headed ogre
  9229 | D:8      | Reached skill level 9 in Fighting
  9656 | D:9      | Identified the +1 arbalest of the Lamprey {freeze, rCorr}
  9854 | D:9      | Reached skill level 10 in Fighting
 10098 | D:9      | Reached skill level 11 in Fighting
 10303 | D:10     | Entered Level 10 of the Dungeon
 10497 | D:10     | Reached skill level 12 in Fighting
 10560 | D:10     | Reached XP level 11. HP: 88/111 MP: 13/13
 10633 | D:10     | Found a burning altar of Makhleb.
 11096 | D:10     | Reached skill level 13 in Fighting
 11523 | D:10     | Found a glowing silver altar of Zin.
 11525 | D:10     | Noticed Snorg
 11586 | D:11     | Noticed a two-headed ogre
 11604 | D:11     | Killed a two-headed ogre
 11638 | D:11     | HP: 2/115 [orc warrior/+0 war axe (8)]
 11959 | D:11     | Reached skill level 14 in Fighting
 12028 | D:11     | Reached **** piety under the Shining One
 12222 | D:11     | Found a staircase to the Orcish Mines.
 12246 | D:11     | Reached skill level 5 in Armour
 12479 | D:11     | Found a shimmering blue altar of Sif Muna.
 12566 | D:11     | Found a staircase to the Lair.
 12741 | D:11     | Noticed Urug
 12761 | D:11     | Killed Urug
 14605 | Lair:1   | Entered Level 1 of the Lair of Beasts
 14710 | Lair:1   | Found a gate leading to a gauntlet.
 14751 | Gauntlet | Entered a Gauntlet
 14751 | Gauntlet | Found a transporter.
 14751 | Gauntlet | Found a transporter.
 14751 | Gauntlet | Found a transporter.
 14752 | Gauntlet | Found a transporter.
 14755 | Gauntlet | Found a transporter.
 14756 | Gauntlet | Reached ***** piety under the Shining One
 14757 | Gauntlet | Noticed a glowing orange brain
 14762 | Gauntlet | Noticed a purple ugly thing
 14762 | Gauntlet | Noticed a glowing orange brain
 14774 | Gauntlet | Found a transporter.
 14780 | Gauntlet | Found a transporter.
 14788 | Gauntlet | Noticed a catoblepas
 14846 | Gauntlet | Found a transporter.
 14869 | Gauntlet | Found a transporter.
 14875 | Gauntlet | Found a transporter.
 14883 | Gauntlet | Found a transporter.
 14910 | Gauntlet | Found a transporter.
 14977 | Gauntlet | Reached XP level 12. HP: 83/125 MP: 14/14
 15131 | Gauntlet | Killed a catoblepas
 15132 | Gauntlet | Reached skill level 10 in Armour
 15308 | Gauntlet | Identified the +0 helmet of Past Mistakes {MP+9}
 15478 | Gauntlet | HP: 5/125 [large slime creature (27)]
 15480 | Gauntlet | Upgraded the game from 0.30-a0-414-gcb316572d5 to
                  | 0.30-a0-439-g9e77e4d916
 15770 | Gauntlet | Identified the +4 long sword of Darkness {pain, *Slow rElec
                  | rC+ Str+5}
 15770 | Gauntlet | Noticed a minotaur
 15782 | Gauntlet | Killed a minotaur
 15783 | Gauntlet | Reached skill level 5 in Invocations
 17049 | Lair:1   | Found a runed translucent door.
 17050 | Lair:1   | Noticed Vonnarr's ghost (journeyman OpAE)
 18239 | Lair:2   | Found a staircase to the Snake Pit.
 18800 | Lair:2   | Upgraded the game from 0.30-a0-439-g9e77e4d916 to
                  | 0.31-a0-744-gbc345e7fcb
 18829 | Lair:2   | Learned a level 4 spell: Manifold Assault
 19710 | Lair:3   | Reached skill level 15 in Fighting
 19735 | Lair:3   | Noticed a catoblepas
 20028 | Lair:3   | Reached XP level 13. HP: 119/135 MP: 19/19
 20355 | Lair:3   | You fall into a shaft and drop 1 floor!
 21506 | Lair:3   | Reached skill level 16 in Fighting
 21918 | Lair:3   | Found a staircase to the Swamp.
 22775 | Lair:4   | Found a viscous altar of Jiyva.
 22775 | Lair:4   | Found a staircase to the Slime Pits.
 22984 | Lair:5   | Entered Level 5 of the Lair of Beasts
 24292 | Lair:5   | Reached ****** piety under the Shining One
 24913 | Lair:5   | Identified the +8 trident of Lust {spect, MP+9 Str+5}
 25113 | Lair:5   | Reached skill level 5 in Translocations
 25358 | Lair:5   | Reached XP level 14. HP: 146/146 MP: 20/20
 26832 | D:12     | Found a runed translucent gate.
 26832 | D:12     | Found a runed translucent gate.
 26833 | D:12     | Found a runed translucent gate.
 26834 | D:12     | Noticed experimilk's ghost (journeyman DrCj)
 26834 | D:12     | Noticed Efuan's ghost (journeyman MiFi)
 27611 | D:12     | Identified the ring "Ighaseci" {rN++ MP+9 Int+4}
 28019 | D:12     | Noticed cforsyth's ghost (journeyman HOFi)
 28344 | D:11     | Killed cforsyth's ghost
 28524 | D:12     | Killed experimilk's ghost
 28787 | D:12     | Killed Efuan's ghost
 29018 | D:13     | Found a bloodstained altar of Trog.
 29025 | D:13     | Found the +8 demon blade "Leech" {evervamp, Harm Drain rN+}
 29122 | D:13     | Found Saec's Antique Armour Shop.
 29339 | D:13     | Reached skill level 10 in Translocations
 31973 | D:14     | Found a hazy altar of Hepliaklqana.
 32123 | D:14     | Found a radiant altar of Vehumet.
 32358 | D:14     | Noticed Frances
 32362 | D:14     | Killed Frances
 33446 | D:14     | Found a gate to the Vaults.
 33645 | D:15     | Entered Level 15 of the Dungeon
 33679 | D:15     | Reached XP level 15. HP: 119/154 MP: 21/21
 34375 | D:15     | Found a staircase to the Depths.
 35159 | D:15     | HP: 6/154 [purple ugly thing (5)]
 35798 | Orc:1    | Entered Level 1 of the Orcish Mines
 36095 | Orc:1    | Found Gampam's Magic Scroll Boutique.
 36565 | Orc:1    | Bought a scroll of identify for 28 gold pieces
 36565 | Orc:1    | Bought a scroll of fog for 56 gold pieces
 36565 | Orc:1    | Bought a scroll of teleportation for 42 gold pieces
 36565 | Orc:1    | Bought a scroll of identify for 28 gold pieces
 36565 | Orc:1    | Bought a scroll of teleportation for 42 gold pieces
 36579 | Orc:1    | Reached skill level 1 in Shields
 36711 | Orc:1    | Found Buynif's Magic Scroll Boutique.
 36725 | Orc:1    | Bought a scroll of teleportation for 48 gold pieces
 36725 | Orc:1    | Bought a scroll of teleportation for 48 gold pieces
 36725 | Orc:1    | Bought a scroll of identify for 32 gold pieces
 36855 | Orc:1    | Found Asehin's Assorted Antiques.
 36863 | Orc:1    | Bought a scroll of teleportation for 93 gold pieces
 36863 | Orc:1    | Bought a scroll of identify for 62 gold pieces
 36863 | Orc:1    | Bought a runed cloak for 232 gold pieces
 37030 | Orc:2    | Entered Level 2 of the Orcish Mines
 37107 | Orc:2    | HP: 4/154 [orc priest/divine providence (12)]
 37115 | Orc:2    | Killed from afar by an orc sorcerer

Illustrated notes

Levels and vault maps discovered:
D:1:      mrwooster_arrival_statue_2, layout_basic
D:2:      layout_loops_ring, basic_altar
D:3:      layout_basic, gup_sewer_entry_bowl, shapermc_ecumenical_altar_gd,
          minmay_starry_boxes
D:4:      layout_cave_pods, minmay_temple_entry_sparse_star
D:5:      kennysheep_six_static_rooms, layout_rooms, lemuel_tele_altar,
          palyth_stone_intersect, uniq_eustachio, uniq_grinder,
          uniq_blork_the_orc
D:6:      layout_loops_cross, serial_shops, shop, shop, shop,
          nicolae_shop_waterfront, shop, minmay_manual_mullet
D:7:      nzn_winding_woodlands_medium [nzn_winding_woodlands_5x5_perimeter,
          nzn_winding_woodlands_5x15_jagged, nzn_winding_woodlands_hourglass,
          nzn_winding_woodlands_5x5_cross, nzn_winding_woodlands_center_garden,
          nzn_winding_woodlands_5x5_closed_star,
          nzn_winding_woodlands_5x5_open_star,
          nzn_winding_woodlands_5x15_concentric,
          nzn_winding_woodlands_5x5_default], layout_rooms
D:8:      layout_basic, minmay_curled_crystal
D:9:      layout_loops_ring, corexii_leaking_fountain,
          hangedman_abyss_or_decor_clamps
D:10:     layout_roguey, mainiacjoe_overflow_brackets, amcnicky_altar_gilded,
          serial_ice, serial_ice_b, serial_ice_n, serial_ice_g, serial_ice_a,
          minmay_fractal_squares_gapless_7, uniq_snorg
D:11:     layout_small_grid, erik_lair_orcish_takeover, orc_david_3,
          serial_rivers, chequers_serial_rivers_micro_e,
          chequers_serial_rivers_marsh, chequers_serial_rivers_micro_a,
          chequers_serial_rivers_marsh, nicolae_sif_muna_condensation, uniq_urug
D:12:     layout_small_grid, gammafunk_ghost_cemetery, dk_noncrumbling_3,
          minmay_pinched_square
D:13:     layout_stronghold, serial_shops, shop, minmay_misc_feat_cross,
          dreamdust_deal_with_the_devil, bloody_trog
D:14:     layout_roguey, grunt_vaults_entry_fortified, fiery_altar_vehumet,
          nzn_hepliaklqana_mist_gate, uniq_frances
D:15:     grunt_enter_depths_hoard, layout_basic, serial_bayou_pond_a
Temple:   hellmonk_temple_divided_pantheon
Lair:1:   layout_layer_cave, ebering_ghost_inner_flame, gauntlet_entry_generic,
          st_stairs_4, hibernation_bobbens, grunt_megastairs_4
Lair:2:   layout_layer_cave, guppyfry_snake_entry_garden, serial_forest,
          infiniplex_forest_clump_long, infiniplex_forest_lined_room_2,
          infiniplex_forest_straight_1, infiniplex_forest_clump_medium,
          infiniplex_forest_split, infiniplex_forest_clump_cross,
          infiniplex_forest_end_1, infiniplex_forest_straight_3,
          infiniplex_forest_3_way
Lair:3:   layout_misc_corridors, nicolae_swamp_entry_spooky, grunt_megastairs_5,
          serial_bayou_shore_a
Lair:4:   layout_gridlike, dpeg_slime_entry_enclosed,
          chequers_serial_rivers_small_b
Lair:5:   gammafunk_lair_ancient_temple, layout_regular_city, lemuel_fruit_tree,
          grunt_megastairs_3
Orc:1:    layout_caves, serial_shops, shop, nicolae_shop_peninsula, shop,
          portal_ice_cave_rime
Orc:2:    grunt_orc_community_town_hall, layout_caves,
          grunt_orc_community_big_house_2, grunt_orc_community_big_house_1,
          grunt_orc_community_house_2, grunt_orc_community_house_1,
          grunt_orc_community_house_2, grunt_orc_community_house_3,
          uniq_erolcha, uniq_josephine

Skill      XL: |  1  2  3  4  5  6  7  8  9 10 11 12 13 14 15 |
---------------+----------------------------------------------+-----
Maces & Flails | 2 3 4 5 7 8 10 12 13 14 | 14.0
Fighting       | 4 8 12 14 15 16 | 16.0
Armour         | 9 10 14 | 14.0
Invocations    | 8 |  8.0
Translocations | 5 10 12 | 12.0
Shields        | 2 |  2.9
Throwing       | |  0.8
Dodging        | |  1.3
Spellcasting   | |  1.7

Action                     |  1- 3 |  4- 6 |  7- 9 | 10-12 | 13-15 || total
---------------------------+-------+-------+-------+-------+-------++-------
  Melee: Whip              |   136 |   168 |   307 |  1153 |   754 ||  2518
         Mace              |     8 |       |       |       |       ||     8
         Tailslap          |    13 |    14 |    60 |   301 |   381 ||   769
         Punch             |     1 |     3 |     3 |    22 |     2 ||    31
         Trident           |       |       |       |       |   593 ||   593
  Throw: Boomerang         |       |       |       |     4 |       ||     4
   Cast: Manifold Assault  |       |       |       |       |     7 ||     7
 Invoke: Divine Shield     |       |       |       |     1 |       ||     1
  Evoke: Wand              |       |       |       |       |     7 ||     7
    Use: Scroll            |     2 |       |     6 |     7 |    15 ||    30
         Potion            |       |       |       |    13 |     8 ||    21
 Armour: Leather armour    |    46 |    19 |       |       |       ||    65
         Robe              |       |    33 |    73 |   169 |       ||   275
         Skin              |       |       |       |     6 |       ||     6
         Chain mail        |       |       |       |   231 |  1243 ||  1474
  Dodge: Dodged            |    64 |    67 |    87 |   262 |   266 ||   746
  Block: Other             |       |       |       |    29 |    14 ||    43
         Kite shield       |       |       |       |       |   728 ||   728
         Reflection        |       |       |       |       |    47 ||    47

Table legend: (Time is in decaauts)
 A = Elapsed time spent in this place.
 B = Non-inter-level travel time spent in this place.
 C = Inter-level travel time spent in this place.
 D = Time resting spent in this place.
 E = Time spent auto-exploring this place.
 F = Levels seen in this place.
 G = Mean time per level.
                   A        B        C        D        E       F      G
               +--------+--------+--------+--------+--------+-----+--------+
         Total |  36416 |  35002 |   1414 |   8396 |  19550 |  25 | 1456.6 |
       Dungeon |  24207 |  22960 |   1247 |   6250 |  12717 |  15 | 1613.8 |
        Temple |     39 |     39 |      0 |      0 |      0 |   1 |   39.0 |
          Lair |   9316 |   9150 |    166 |   1338 |   5694 |   5 | 1863.2 |
  Orcish Mines |   1072 |   1072 |      0 |      6 |    715 |   2 |  536.0 |
         Sewer |    592 |    592 |      0 |     73 |    409 |   1 |  592.0 |
      Gauntlet |   1187 |   1187 |      0 |    728 |     15 |   1 | 1187.0 |
               +--------+--------+--------+--------+--------+-----+--------+

Top non-repeatable levels by time:
    D:12: 2927 daAuts
    D:11: 2318 daAuts
    D:14: 2166 daAuts
    D:15: 2112 daAuts
  Lair:2: 2036 daAuts
  Lair:1: 1960 daAuts
     D:6: 1909 daAuts
  Lair:4: 1893 daAuts
    D:10: 1874 daAuts
  Lair:3: 1849 daAuts
    D:13: 1819 daAuts
  Lair:5: 1577 daAuts
     D:5: 1472 daAuts
     D:8: 1393 daAuts
     D:3: 1240 daAuts
